 Dungeon Crawl Stone Soup version 0.30-a0-341-g682706514a (console) character file.

Game seed: 6083465802422890959

1339 jejorda2 the Carver (level 8, -3/96 HPs)
             Began as a Merfolk Berserker on Nov 1, 2022.
             Was a Priest of Trog.
             Killed by nerve-wracking pain
             ... invoked by Menkaure
              (6 damage)
             ... on level 6 of the Dungeon.
             The game lasted 00:12:22 (4393 turns).

jejorda2 the Carver (Merfolk Berserker)             Turns: 4393, Time: 00:12:22

Health: -3/96      AC: 12    Str: 23    XL:     8   Next: 61%
Magic:  8/8        EV: 10    Int:  7    God:    Trog [***...]
Gold:   69         SH:  0    Dex: 15    Spells: 7/7 levels left

rFire   . . .      SeeInvis .    E - +5 great sword
rCold   . . .      Faith    +    (shield currently unavailable)
rNeg    + . .      Spirit   .    d - +0 chain mail
rPois   .          Reflect  .    w - +2 helmet
rElec   .          Harm     .    C - scarf {repulsion}
rCorr   .          Rampage  .    (no gloves)
Will    .....                    (no boots)
Stlth   ..........               z - amulet of faith
HPRegen 0.36/turn                f - +6 ring of strength
MPRegen 0.11/turn                n - ring of positive energy

@: berserking, repel missiles, very quick
A: (nimble swimmer 2), mertail
a: Renounce Religion, Berserk, Trog's Hand


You were on level 6 of the Dungeon.
You worshipped Trog.
Trog was most pleased with you.
You visited 1 branch of the dungeon, and saw 6 of its levels.
You also visited: Sewer.

You collected 288 gold pieces.
You spent 219 gold pieces at shops.

Inventory:

Hand Weapons
 a - a +0 falchion
 g - a +0 dagger
 E - a +5 great sword (weapon)
Missiles
 j - 43 stones (quivered)
 q - a throwing net
 r - 5 boomerangs
 y - 17 poisoned darts
Armour
 d - a +0 chain mail (worn)
 w - a +2 helmet (worn)
 C - a scarf of repulsion (worn)
Jewellery
 f - a +6 ring of strength (left hand)
 n - a ring of positive energy (right hand)
 z - an amulet of faith (around neck)
Wands
 u - a wand of acid (11)
Scrolls
 o - 2 scrolls of teleportation
 p - a scroll of torment
 x - 2 scrolls of blinking
 D - a scroll of butterflies
Potions
 b - 2 potions of cancellation
 c - 2 potions of resistance {unknown}
 e - a potion of attraction {unknown}
 h - a potion of heal wounds
 i - 2 potions of curing {unknown}
 k - a potion of haste {unknown}
 l - 2 potions of brilliance {unknown}
 m - a potion of degeneration {unknown}
 s - 2 potions of mutation {unknown}
 t - a potion of lignification {unknown}
 A - a potion of invisibility {unknown}
 B - a potion of might {unknown}


   Skills:
 - Level 6.0 Fighting
 * Level 8.8 Long Blades
 + Level 3.8 Armour
 - Level 6.0 Dodging


You had 7 spell levels left.
You didn't know any spells.
Your spell library was empty.

Dungeon Overview and Level Annotations

Branches:
Dungeon (6/15)              Sewer (visited)
 Temple: D:4-7

Altars:

Shops:
D:5 *=[[

Annotations:
D:3 2 transporters, eyols's ghost, amateur NaIE
D:6 Menkaure


Innate Abilities, Weirdness & Mutations

((You are very nimble when in or above water. (Stealth+, EV+, Speed+++)))
Your lower body shifts to a powerful aquatic tail in water.


Message History

The ufetubus barely misses you. The ufetubus closely misses you.
You slice the ufetubus!!
You kill the ufetubus!
Trog accepts your kill.
No target in view!
No target in view!
You now have 51 gold pieces (gained 16).
s - 2 murky brown potions (gained 1)
You now have 69 gold pieces (gained 18).
Menkaure, Prince of Dust comes into view.
Menkaure draws the symbol "Udjat" in the dust.
Menkaure mumbles some strange words.
Menkaure seems to speed up.
Found 17 gold pieces.
Menkaure casts a spell at you. Pain shoots through your body!
You barely miss Menkaure. Menkaure hits you!
You barely miss Menkaure. Menkaure hits you! Menkaure barely misses you.
You slash Menkaure!
Menkaure is severely damaged.
Menkaure hums, "It doesn't hurt if you pull your brain out of your nose yourself."
Menkaure hits you!
You hit Menkaure.
Menkaure is severely damaged.
Menkaure barely misses you.
Menkaure calls on the powers of darkness!
Your body is wracked with pain!
* * * LOW HITPOINT WARNING * * *
You hit Menkaure.
Menkaure is almost destroyed.
Menkaure's ankle releases a plume of dust as he confides, "I'm not really a mummy, you know."
Menkaure calls on the powers of darkness!
Your body is wracked with pain!
* * * LOW HITPOINT WARNING * * *
A red film seems to cover your vision as you go berserk!
You feel yourself moving faster!
You feel mighty! Menkaure hits you!
* * * LOW HITPOINT WARNING * * *
Menkaure gestures at you while chanting.
Pain shoots through your body!
You die...

.. $ .. .. .##.###.
.#... ........
..#... .....# ......
..... #...... .#.
#..# .....# # ..#
#..##M..#
....#..##..##...@..#
........#..#......##
.................##
.........#..#...##
.........#..#...#
........##...####
........##.....#
..............##
#..........#...#


You could see Menkaure (fast).

Vanquished Creatures
  Pargi (Sewer)
  A sky beast (D:6)
  An ogre (D:6)
  2 phantoms
  2 bullfrogs (D:6)
  A scorpion (D:4)
  3 wights (D:6)
  2 jellies
  2 hounds
  2 orc priests
  Natasha (twice) (D:2)
  2 iguanas (D:5)
  3 orc wizards
  7 adders
  A river rat (D:5)
  3 ufetubi
  4 worms
  3 dart slugs
  9 orcs
  8 bats
  6 endoplasms
  3 giant cockroaches
  3 goblins
  6 hobgoblins
  6 jackals
  3 quokkas
  9 ball pythons
  6 frilled lizards
  7 kobolds
  8 rats
116 creatures vanquished.

Vanquished Creatures (others)
  An orc wizard (D:3)
1 creature vanquished.

Grand Total: 117 creatures vanquished

Notes
Turn   | Place    | Note
-------+----------+-------------------------------------------
     0 | D:1      | jejorda2 the Merfolk Berserker began the quest for the Orb.
     0 | D:1      | Reached XP level 1. HP: 18/18 MP: 1/1
   416 | D:1      | Reached XP level 2. HP: 21/24 MP: 2/2
   604 | D:1      | Reached skill level 4 in Long Blades
   947 | D:2      | Noticed Natasha
   953 | D:2      | Reached XP level 3. HP: 29/29 MP: 3/3
   964 | D:2      | Killed Natasha
  1213 | D:2      | Noticed Natasha
  1218 | D:2      | Reached XP level 4. HP: 26/36 MP: 4/4
  1231 | D:2      | Killed Natasha
  1649 | D:3      | Reached ** piety under Trog
  1798 | D:3      | Found a transporter.
  1800 | D:3      | Noticed eyols's ghost (amateur NaIE)
  1840 | D:3      | Reached XP level 5. HP: 33/42 MP: 5/5
  1856 | D:3      | Reached skill level 5 in Long Blades
  2039 | D:3      | Found a transporter.
  2135 | D:3      | Found a faded altar of an unknown god.
  2375 | D:4      | Reached skill level 5 in Dodging
  2375 | D:4      | Reached XP level 6. HP: 41/48 MP: 6/6
  2573 | D:4      | Reached skill level 6 in Long Blades
  2573 | D:4      | Reached XP level 7. HP: 45/55 MP: 7/7
  3117 | D:5      | Entered Level 5 of the Dungeon
  3182 | D:5      | Found Manwenan's Jewellery Shop.
  3228 | D:5      | Found Rejunu's Antique Armour Boutique.
  3239 | D:5      | Found Dallopn's Antique Armour Shop.
  3271 | D:5      | Reached skill level 5 in Fighting
  3279 | D:5      | Reached skill level 7 in Long Blades
  3281 | D:5      | Reached *** piety under Trog
  3367 | D:5      | Found Myraegg's Assorted Antiques.
  3376 | D:5      | Bought a scroll labelled NUGOSCHUIFOIWK for 27 gold pieces
  3454 | D:5      | Found a glowing drain.
  3465 | Sewer    | Entered a sewer
  3548 | Sewer    | Noticed Pargi
  3557 | Sewer    | Killed Pargi
  3558 | Sewer    | Reached XP level 8. HP: 62/62 MP: 8/8
  3947 | D:5      | Bought an embroidered scarf for 192 gold pieces
  3984 | D:6      | Reached skill level 8 in Long Blades
  4382 | D:6      | Noticed Menkaure
  4393 | D:6      | HP: 3/96 [Menkaure (12)]
  4393 | D:6      | Killed from afar by Menkaure

Illustrated notes

Levels and vault maps discovered:
D:1:      sevenhm_arrival_forest_fort_large_2, layout_basic
D:2:      layout_basic, serial_bayou_crossing, uniq_natasha
D:3:      layout_loops_ring, nicolae_ecumenical_lake_church,
          gammafunk_ghost_arena, minmay_misc_feat_hallway,
          chequers_decorated_corner, dk_vineyard_3, grunt_decor_arrowhead,
          nicolae_elevator_lobby_asterisk
D:4:      minmay_evil_eye, layout_basic
D:5:      layout_rooms, serial_shops, nicolae_shop_waterfront,
          nicolae_shop_hallway_stairs, nicolae_shop_statue_plus,
          nicolae_stop_n_shop_2, portal_sewer_entry_e, st_stairs_3
D:6:      layout_cave_pools, uniq_menkaure

Skill      XL: |  1  2  3  4  5  6  7  8 |
---------------+-------------------------+-----
Dodging        | 3 4 5 6 |  6.0
Long Blades    | 4 5 6 7 8 |  8.8
Armour         | 2 3 |  3.8
Fighting       | 4 5 6 |  6.0

Action                   |  1- 3 |  4- 6 |  7- 9 || total
-------------------------+-------+-------+-------++-------
Melee: Falchion          |    66 |   148 |       ||   214
       Punch             |       |     2 |       ||     2
       Great sword       |       |    21 |   130 ||   151
Throw: Stone             |     1 |     5 |     2 ||     8
Invok: Berserk           |       |     3 |     4 ||     7
       Trog's Hand       |       |     1 |     1 ||     2
  Use: Scroll            |       |     2 |     6 ||     8
       Potion            |       |     2 |       ||     2
Armor: Chain mail        |    29 |    83 |    68 ||   180
       Animal skin       |     1 |       |       ||     1
Dodge: Dodged            |    27 |    80 |   106 ||   213

Table legend: (Time is in decaauts)
 A = Elapsed time spent in this place.
 B = Non-inter-level travel time spent in this place.
 C = Inter-level travel time spent in this place.
 D = Time resting spent in this place.
 E = Time spent auto-exploring this place.
 F = Levels seen in this place.
 G = Mean time per level.
                   A        B        C        D        E       F      G
               +--------+--------+--------+--------+--------+-----+--------+
         Total |   4422 |   4225 |    197 |    244 |   2867 |   7 |  631.7 |
       Dungeon |   4161 |   3964 |    197 |    154 |   2751 |   6 |  693.5 |
         Sewer |    261 |    261 |      0 |     90 |    115 |   1 |  261.0 |
               +--------+--------+--------+--------+--------+-----+--------+

Top non-repeatable levels by time:
     D:4: 849 daAuts
     D:1: 836 daAuts
     D:3: 810 daAuts
     D:2: 659 daAuts
     D:5: 648 daAuts
     D:6: 358 daAuts
   Sewer: 261 daAuts
